 Dungeon Crawl Stone Soup version 0.28-a0-1429-gf3d713df7a (webtiles) character file.

Game seed: 10874334031380899982

69 somkeydreadnuts the Digger (level 4, 0/24 HPs)
             Began as a Gargoyle Earth Elementalist on Jan 8, 2022.
             Slain by a gnoll (1 damage)
             ... on level 3 of the Dungeon.
             The game lasted 00:12:52 (1870 turns).

somkeydreadnuts the Digger (GrEE)                   Turns: 1870, Time: 00:12:52

Health: 0/24       AC:  5    Str: 11    XL:     4   Next: 20%
Magic:  1/8        EV:  6    Int: 18    God:
Gold:   93         SH:  0    Dex: 10    Spells: 8/9 levels left

rFire   . . .      SeeInvis .   k - +2 short sword (elec)
rCold   . . .      Faith    .   (no shield)
rNeg    + . .      Spirit   .   b - +0 robe
rPois   ∞          Reflect  .   (no helmet)
rElec   +          Harm     .   (no cloak)
rCorr   .          Rampage  .   (no gloves)
Will    .....                   (no boots)
Stlth   ++........              (no amulet)
HPRegen 0.08/turn               (no ring)
MPRegen 0.11/turn               (no ring)

@: held
A: sickness immunity, AC +3, negative energy resistance 1, electricity
resistance, torment resistance 1, petrification resistance
a: no special abilities


You were on level 3 of the Dungeon.
You visited 1 branch of the dungeon, and saw 3 of its levels.

You collected 93 gold pieces.

Inventory:

Hand Weapons
 k - a +2 short sword of electrocution (weapon)
Missiles
 c - 34 stones
Armour
 b - a +0 robe (worn)
Jewellery
 a - a ring of positive energy
Scrolls
 d - a scroll of teleportation {unknown}
 e - a scroll of enchant armour {unknown}
 f - a scroll of identify {unknown}
Potions
 g - a potion of degeneration {unknown}
 h - a potion of cancellation {unknown}
 i - a potion of curing {unknown}


   Skills:
 - Level 0.1 Fighting
 - Level 0.3 Axes
 - Level 1.6 Dodging
 - Level 2.1 Stealth
 + Level 3.1 Spellcasting
 - Level 0.7 Transmutations
 + Level 4.8 Earth Magic


You had 8 spell levels left.
You knew the following spells:

 Your Spells              Type           Power      Damage    Failure   Level
a - Sandblast             Erth           40%        2d10      2%          1

Your spell library contained the following spells:

 Spells                   Type           Power      Damage    Failure   Level
 Passwall                 Tmut/Erth      10%        N/A       8%          2
 Stone Arrow              Conj/Erth      22%        3d8       19%         3
 Petrify                  Tmut/Erth      12%        N/A       45%         4


Dungeon Overview and Level Annotations

Branches:
Dungeon (2/15)

Altars:


Innate Abilities, Weirdness & Mutations

You are immune to sickness and miasma.
Your stone body is resilient. (AC +3)
You are immune to poison.
You resist negative energy. (rN+)
You are resistant to electric shocks. (rElec)
You are resistant to unholy torment.
You are immune to petrification.


Message History

Confirm with . or Enter, or press ? or * to list all spells.
Aiming: Sandblast (safe; 2% risk of failure)
Press: ? - help, Shift-Dir - straight line, f - gnoll
Aim: a gnoll, wielding a +0 spear and quivering a throwing net (82% to hit)
The blast of sand hits the gnoll.
The gnoll is heavily wounded.
The gnoll hits you from afar with a +0 spear!
Unknown command.
Casting: Sandblast (safe; 2% risk of failure)
Confirm with . or Enter, or press ? or * to list all spells.
Aiming: Sandblast (safe; 2% risk of failure)
Press: ? - help, Shift-Dir - straight line, f/p - gnoll
Aim: a gnoll, wielding a +0 spear and quivering a throwing net (heavily wounded, 82% to hit)
The blast of sand hits the gnoll.
The gnoll is severely wounded.
The gnoll barely misses you.
Casting: Sandblast (safe; 2% risk of failure)
Confirm with . or Enter, or press ? or * to list all spells.
Aiming: Sandblast (safe; 2% risk of failure)
Press: ? - help, Shift-Dir - straight line, f/p - gnoll
Aim: a gnoll, wielding a +0 spear and quivering a throwing net (severely wounded, 82% to hit)
The blast of sand hits the gnoll!
You kill the gnoll!
Unknown command.
Casting: Sandblast (safe; 2% risk of failure)
Confirm with . or Enter, or press ? or * to list all spells.
Aiming: Sandblast (safe; 2% risk of failure)
Press: ? - help, Shift-Dir - straight line, f - gnoll
Aim: a gnoll, wielding a +0 club (83% to hit)
The blast of sand hits the gnoll!
The gnoll is severely wounded.
The gnoll shouts!
The gnoll hits you from afar with a +0 spear.
The gnoll hits you with a +0 club.
* * * LOW HITPOINT WARNING * * *
You struggle against the net.
The gnoll hits you from afar with a +0 spear.
* * * LOW HITPOINT WARNING * * *
The gnoll hits you with a +0 club.
You die...

............# ##########.###.#
#...............
#.########.###.#
#.#######..###.#
########............#.#
#..$.g.#.........####.#
######### ##.#.........# #.#
.?......##.##@#.......>.# #.#
...........##g#.........# #.#
...###.#####)#.........####.#
...g'....g....'..........>....
....###g#.#####.........####.#
## #.#.# #.........##.#.#
#.#.#####............#.#
#######.#.............####.#.#
...........##########.####.#.#


You could see 2 gnolls.

Vanquished Creatures
  2 gnolls (D:3)
  An ufetubus (D:3)
  2 dart slugs (D:1)
  An endoplasm (D:2)
  3 giant cockroaches
  7 goblins
  8 hobgoblins
  6 ball pythons
  3 bats
  4 frilled lizards
  A kobold (D:2)
  2 rats
40 creatures vanquished.

Notes
Turn   | Place    | Note
-------+----------+-------------------------------------------
     0 | D:1      | somkeydreadnuts the Gargoyle Earth Elementalist began the
                  | quest for the Orb.
     0 | D:1      | Reached XP level 1. HP: 10/10 MP: 3/3
   352 | D:1      | Reached XP level 2. HP: 15/15 MP: 3/5
   413 | D:1      | Reached skill level 4 in Earth Magic
  1025 | D:1      | Reached XP level 3. HP: 19/19 MP: 4/6
  1094 | D:1      | Found a faded altar of an unknown god.
  1737 | D:2      | You fall into a shaft and drop 1 floor!
  1865 | D:3      | Reached XP level 4. HP: 24/24 MP: 4/8
  1870 | D:3      | HP: 1/24 [gnoll (6)]
  1870 | D:3      | Slain by a gnoll

Illustrated notes

Levels and vault maps discovered:
D:1:      minmay_arrival_doors, layout_loops_cross,
          shapermc_ecumenical_altar_petra, minmay_box_of_dots
D:2:      layout_loops_corners, serial_park_tiny_1
D:3:      layout_basic, serial_shops, shop

Skill      XL: |  1  2  3 |
---------------+----------+-----
Earth Magic    | 4 |  4.8
Spellcasting   | 3 |  3.1
Fighting       | |  0.1
Axes           | |  0.3
Dodging        | |  1.6
Stealth        | |  2.1
Transmutations | |  0.7

Action                   |  1- 3 |  4- 6 || total
-------------------------+-------+-------++-------
Melee: Unarmed           |    19 |       ||    19
       Punch             |     1 |       ||     1
       Hand axe          |    25 |       ||    25
       Short sword       |    14 |       ||    14
 Cast: Sandblast         |    41 |     4 ||    45
 Stab: Sleeping          |     2 |       ||     2
Armor: Robe              |    23 |       ||    23
Dodge: Dodged            |    50 |     2 ||    52

Table legend: (Time is in decaauts)
 A = Elapsed time spent in this place.
 B = Non-inter-level travel time spent in this place.
 C = Inter-level travel time spent in this place.
 D = Time resting spent in this place.
 E = Time spent auto-exploring this place.
 F = Levels seen in this place.
 G = Mean time per level.
                   A        B        C        D        E       F      G
               +--------+--------+--------+--------+--------+-----+--------+
         Total |   1875 |   1857 |     18 |      0 |   1342 |   3 |  625.0 |
       Dungeon |   1875 |   1857 |     18 |      0 |   1342 |   3 |  625.0 |
               +--------+--------+--------+--------+--------+-----+--------+

Top non-repeatable levels by time:
     D:1: 1142 daAuts
     D:2: 601 daAuts
     D:3: 132 daAuts
